 Dungeon Crawl Stone Soup version 0.27.1-34-g3ba077fa99 (webtiles) character file.

Game seed: 11088989650890994629

43 Ijustatesigmund the Skirmisher (level 3, -1/24 HPs)
             Began as a Gargoyle Fighter on Jan 31, 2022.
             Frozen to death by an endoplasm (4 damage)
             ... on level 1 of the Dungeon.
             The game lasted 00:01:55 (1737 turns).

Ijustatesigmund the Skirmisher (Gargoyle Fighter)   Turns: 1737, Time: 00:01:57

Health: -1/24      AC: 10    Str: 20    XL:     3   Next: 58%
Magic:  3/3        EV:  7    Int:  8    God:
Gold:   98         SH:  9    Dex:  9    Spells: 2/2 levels left

rFire    . . .     SeeInvis .   a - +0 flail
rCold    . . .     Faith    .   c - +0 kite shield
rNeg     + . .     Spirit   .   b - +0 scale mail
rPois    ∞         Reflect  .   (no helmet)
rElec    +         Harm     .   (no cloak)
rCorr    .         Rampage  .   (no gloves)
Will     .....                  (no boots)
Stlth    ..........             (no amulet)
HPRegen  0.08/turn              (no ring)
MPRegen  0.08/turn              (no ring)

@: no status effects
A: sickness immunity, AC +3, negative energy resistance 1, electricity
resistance, torment resistance 1, petrification resistance
a: no special abilities


You were on level 1 of the Dungeon.
You visited 1 branch of the dungeon, and saw 2 of its levels.

You collected 98 gold pieces.

Inventory:

Hand Weapons
 a - a +0 flail (weapon)
Armour
 b - a +0 scale mail (worn)
 c - a +0 kite shield (worn)
Potions
 d - a potion of might
 f - a potion of ambrosia {unknown}
 g - a potion of lignification {unknown}
 h - a potion of curing {unknown}


   Skills:
 + Level 3.9 Fighting
 * Level 3.3 Maces & Flails
 - Level 3.2 Armour
 - Level 3.2 Shields


You had 2 spell levels left.
You didn't know any spells.
Your spell library contained the following spells:

 Spells                   Type           Power      Damage    Failure   Level
 Leda's Liquefaction      Hex/Erth       0%         N/A       100%        4
 Bolt of Magma            Conj/Fire/Erth 0%         4d4       100%        5
 Statue Form              Tmut/Erth      Unusable   N/A       N/A         6

Dungeon Overview and Level Annotations

Branches:
Dungeon (2/15)

Altars:


Innate Abilities, Weirdness & Mutations

You are immune to sickness and miasma.
Your stone body is resilient. (AC +3)
You are immune to poison.
You resist negative energy. (rN+)
You are resistant to electric shocks. (rElec)
You are resistant to unholy torment.
You are immune to petrification.


Message History

You are frozen.
The jackal bites you but does no damage. x2
You block the jackal's attack. You block the endoplasm's attack.
The jackal bites you but does no damage.
Your shield and scale mail prevent you from hitting the endoplasm.
The jackal bites you but does no damage.
You block the jackal's attack. The jackal barely misses you.
The jackal bites you but does no damage.
The jackal barely misses you. The endoplasm freezes you.
You are frozen.
The jackal bites you but does no damage.
You block the jackal's attack. The jackal closely misses you.
The endoplasm freezes you.
You are frozen.
Found a scale mail.
You block the jackal's attack.
There is an open door here.
There is a stone staircase leading up here.
The jackal closely misses you. You block the endoplasm's attack.
You climb upwards.
There is a stone staircase leading down here.
The jackal bites you but does no damage. x2
You block the jackal's attack.
You closely miss the jackal. You block the jackal's attack.
The jackal barely misses you.
You thump the jackal!
You kill the jackal!
The endoplasm hits you.
Your scale mail prevents you from hitting the endoplasm.
The endoplasm freezes you.
You are frozen.
* * * LOW HITPOINT WARNING * * *
You hit the endoplasm.
The endoplasm is moderately wounded.
The endoplasm freezes you.
You are frozen.
* * * LOW HITPOINT WARNING * * *
The endoplasm freezes you.
You are frozen.
You die...

#.........#
#.####.##.# #.#
#.##.# #.# #.##.#
####
##.####....#####...
#...>..........'...
##.#.##.##.##.##...
#J#.##.##....#####
#@#....##.....#
#.#.##.##..#######
#.#.##.##........#
#.#...............
#.#####.#..#####.#
#.# #.#........#
#.# #.#..#...#.#
#.# #....#...#.#
#.#######..#...#.#


You could see an endoplasm.

Vanquished Creatures
  A dart slug (D:2)
  4 endoplasms
  3 giant cockroaches (D:1)
  6 goblins
  6 hobgoblins
  A jackal (D:1)
  3 kobolds
  A quokka (D:1)
  5 bats
  A frilled lizard (D:1)
  2 rats (D:1)
33 creatures vanquished.

Vanquished Creatures (others)
  7 withered plants (D:1)
7 creatures vanquished.

Grand Total: 40 creatures vanquished

Notes
Turn   | Place    | Note
-------+----------+-------------------------------------------
     0 | D:1      | Ijustatesigmund the Gargoyle Fighter began the quest for
                  | the Orb.
     0 | D:1      | Reached XP level 1. HP: 14/14 MP: 1/1
   153 | D:1      | Found a faded altar of an unknown god.
   250 | D:1      | Reached XP level 2. HP: 18/19 MP: 2/2
   692 | D:1      | Reached XP level 3. HP: 23/24 MP: 3/3
  1737 | D:1      | Frozen to death by an endoplasm

Illustrated notes

Levels and vault maps discovered:
D:1:      matt_arrival_debris, layout_basic, ebering_ecumenical_altar_petrified,
          minmay_cupped
D:2:      layout_basic, st_stairs_4

Skill      XL: |  1  2 |
---------------+-------+-----
Maces & Flails | 3 |  3.3
Fighting       | |  3.9
Armour         | |  3.2
Shields        | |  3.2

Action                   || total
-------------------------++-------
Melee: Flail             ||   104
  Use: Scroll            ||     1
Armor: Scale mail        ||    44
Dodge: Dodged            ||    27
Block: Kite shield       ||    49
